 Dungeon Crawl Stone Soup version 0.23.2 (webtiles) character file.

Game seed: 10431179207937093573

103 CedricTheThird the Slasher (level 5, -1/42 HPs)
             Began as a Formicid Berserker on Apr 2, 2019.
             Was a Believer of Trog.
             Slain by an ogre
             ... wielding a +0 giant club
              (21 damage)
             ... on level 2 of the Dungeon.
             The game lasted 00:04:33 (2059 turns).

CedricTheThird the Slasher (Formicid Berserker)     Turns: 2059, Time: 00:04:33

Health: -1/42      AC: 11    Str: 22    XL:     5   Next: 6%
Magic:  5/5        EV:  8    Int:  7    God:    Trog [**....]
Gold:   91         SH:  0    Dex: 10    Spells: 4/4 levels left

rFire    . . .     SeeInvis +   a - +0 falchion
rCold    . . .     Gourm    .   (no shield)
rNeg     . . .     Faith    .   n - +0 chain mail
rPois    .         Spirit   .   (helmet unavailable)
rElec    .         Reflect  .   b - +2 cloak
rCorr    .         Harm     .   (no gloves)
MR       ++...                  (no boots)
Stlth    ..........             (no amulet)
HPRegen  1.14/turn              (no ring)
MPRegen  0.09/turn              (no ring)

@: regenerating
A: permanent stasis, dig shafts and tunnels, four strong arms, antennae 3
a: Dig, Shaft Self, Trog's Hand, Renounce Religion


You were on level 2 of the Dungeon.
You worshipped Trog.
Trog was pleased with you.
You were very hungry.

You visited 1 branch of the dungeon, and saw 2 of its levels.

You collected 91 gold pieces.

Inventory:

Hand Weapons
 a - a +0 falchion (weapon)
Armour
 b - a +2 cloak (worn)
 n - a +0 chain mail (worn)
Scrolls
 e - a scroll of enchant weapon {unknown}
 g - a scroll of identify {unknown}
 h - a scroll of blinking {unknown}
 j - 2 scrolls of fog {unknown}
 l - a scroll of random uselessness {unknown}
 m - 2 scrolls of teleportation {unknown}
Potions
 d - a potion of magic {unknown}
 f - a potion of lignification {unknown}
 i - a potion of flight {unknown}
 k - a potion of resistance {unknown}
Comestibles
 c - 5 rations


   Skills:
 + Level 4.1 Fighting
 * Level 4.6 Long Blades
 + Level 2.2 Armour
 + Level 2.0 Dodging


You had 4 spell levels left.
You didn't know any spells.
Your spell library was empty.

Dungeon Overview and Level Annotations

Branches:
Dungeon (2/15)

Altars:


Innate Abilities, Weirdness & Mutations

You cannot be hasted, slowed, berserked, paralysed or teleported.
You can dig through walls and to a lower floor.
Your four strong arms can wield two-handed weapons with a shield.
You have a pair of large antennae on your head. (SInv)


Message History

The ogre is lightly wounded.
The ogre barely misses you.
You hit the ogre.
The ogre is moderately wounded.
The ogre barely misses you.
You riposte.
You hit the ogre but do no damage.
The ogre is moderately wounded.
You hit the ogre.
The ogre is moderately wounded.
The ogre hits you with a +0 giant club!
You hit the ogre.
The ogre is moderately wounded.
You barely miss the ogre.
The ogre is moderately wounded.
You feel the effects of Trog's Hand fading.
The ogre hits you with a +0 giant club!
You hit the ogre.
The ogre is heavily wounded.
The ogre hits you with a +0 giant club!!
Ouch! That really hurt!
You die...

#{##.#..#.##†)##.#####
#.#### #
{##.#..#.##(((.# #.# #
{##.#..#.##..## #.# #
##.#..#.##..# #.# #
##.#..#.##.# #.# #
{##.#..#.### #.# #
{##.#).#.## ##.#### #
###......# #...... #
###.#..#.#@# #..#### #
###.#..#.###O# #..# #
###.#..#.###.rg#
####..###
#+#.#..#.###....##
#...<...#
#.#..#.###.$..#..#
#.......#
...#.###..r##.##.#
####.......# #..###
..# #. .# #...)......#
##### # ### ##
#.##.......# ....# #.#
#.##.......#


You could see an ogre, a hobgoblin and a rat.

Vanquished Creatures
  A hound (D:2)
  An adder (D:2)
  A worm (D:2)
  A leopard gecko (D:1)
  3 orcs (D:2)
  A ball python (D:2)
  4 bats
  A giant cockroach (D:1)
  5 goblins
  10 hobgoblins
  5 jackals
  10 kobolds
  3 frilled lizards (D:2)
  8 rats
54 creatures vanquished.

Notes
Turn   | Place    | Note
-------+----------+-------------------------------------------
     0 | D:1      | CedricTheThird the Formicid Berserker began the quest for
                  | the Orb.
     0 | D:1      | Reached XP level 1. HP: 18/18 MP: 1/1
   106 | D:1      | Reached XP level 2. HP: 19/24 MP: 2/2
   359 | D:1      | Reached XP level 3. HP: 15/29 MP: 3/3
  1051 | D:2      | Reached ** piety under Trog
  1494 | D:2      | Reached XP level 4. HP: 36/37 MP: 4/4
  2005 | D:2      | Reached XP level 5. HP: 42/42 MP: 5/5
  2042 | D:2      | Noticed an ogre
  2059 | D:2      | Slain by an ogre

Skill      XL: |  1  2  3  4 |
---------------+-------------+-----
Long Blades    | 4 |  4.6
Fighting       | 4 |  4.1
Dodging        | 2 |  2.0
Armour         | |  2.2

Action                   |  1- 3 |  4- 6 || total
-------------------------+-------+-------++-------
Melee: Falchion          |    93 |    69 ||   162
Invok: Trog's Hand       |       |     1 ||     1
  Eat: Chunk             |     1 |     2 ||     3
Armor: Animal skin       |    12 |       ||    12
       Ring mail         |     2 |    11 ||    13
       Chain mail        |       |    33 ||    33
Dodge: Dodged            |    63 |    41 ||   104
       Rpst.: Falchion   |    20 |    14 ||    34
